AoeStats
← 阿酷丶

Arabia

504255859Analyzed
1v1 RM · 26d ago on Sep 4, 2026· 46m 56s· 2 players
Game mode
Random Map
Map size
Tiny (2 player)
Population
200
Speed
Normal
Resources
Standard
Victory
Conquest
Starting age
Dark Age
Ending age
Imperial Age
RankedLock teamsTeams togetherTeam positionsShared explorationLock speedFull tech treeHidden civsTurbo modeCheats
Victory
Defeat
🇨🇳 Ethiopians · China
1134
+16
🇫🇷 Spanish · France
1136
-16
阿酷丶
7:33 Loom
9:55 Feudal Age
12:26 Double-Bit Axe
18:35 Fletching
18:46 Padded Archer Armor
22:49 Castle Age
21:07 Gold Mining
20:58 Horse Collar
22:23 Wheelbarrow
22:58 Crossbowman
23:44 Thumb Ring
23:39 Bodkin Arrow
24:00 Leather Archer Armor
24:50 Bow Saw
25:51 Gold Shaft Mining
28:05 Hand Cart
30:56 Ballistics
36:12 Imperial Age
33:59 Stone Mining
35:39 Squires
37:32 Arbalester
39:09 Bracer
41:25 Chemistry
44:08 Elite Skirmisher
Sakuko
4:48 Loom
10:08 Loom
11:54 Feudal Age
15:51 Castle Age
13:39 Double-Bit Axe
13:58 Horse Collar
16:12 Stone Mining
18:22 Gold Mining
21:41 Bow Saw
24:15 Heavy Plow
25:27 Padded Archer Armor
28:10 Gold Mining
29:12 Bloodlines
29:03 Husbandry
29:53 Husbandry
31:25 Wheelbarrow
32:11 Ballistics
33:38 Murder Holes
34:43 Town Watch
37:26 Masonry
37:43 Leather Archer Armor
37:49 Hand Cart
43:09 Imperial Age
42:54 Stone Shaft Mining
44:18 Conscription
43:28 Elite Conquistador
45:17 Ring Archer Armor
Connection lost

Rejoining the realm…

Still unreachable

The connection could not be restored.

Session expired

The server has moved on; the page needs a fresh start.